Map: Pylon LE

Players

PUNK

  • Race: Zerg Zerg
  • League: Diamond
  • Spawn Location: 11:00

SubN - Winner!

  • Race: Zerg Zerg
  • League: Diamond
  • Spawn Location: 5:00

VOD

Have the link to the VOD?

Description

Time

  • Played on: July 31, 2025, 2:52 p.m.
  • Length: 3:06
Show
View Real Time Build Order
Export as new Build Order

PUNK Zerg 

Build Orders: Hatch First 

Get SALT Encoding   

  12  0:01  Drone  
  13  0:08  Drone  
  14  0:18  Drone, Extractor  
  15  0:22  Overlord  
  15  0:40  Drone  
  15  0:41  Drone  
  17  0:46  Drone  
  18  0:54  Hatchery  
  17  0:57  Drone  
  18  1:08  Drone  
  19  1:13  Extractor  
  18  1:19  Drone, Spawning Pool  
  18  1:28  Drone  
  19  1:39  Overlord  
  19  1:54  Drone  
  20  2:06  Drone x2  
  20  2:07  Queen x2  
  26  2:13  Drone  
  27  2:17  Drone  
  27  2:21  Drone  
  29  2:37  Drone x2  
Show
View Real Time Build Order
Export as new Build Order

SubN Zerg - Winner!

Build Orders: Pool First 

Get SALT Encoding   

  12  0:00  Drone  
  13  0:08  Drone  
  13  0:14  Extractor  
  13  0:15  Drone  
  14  0:31  Spawning Pool  
  13  0:57  Hatchery  
  12  1:18  Queen  
  12  1:25  Overlord  
  14  1:34  Metabolic Boost  
  14  1:44  Zergling x4  
  16  1:49  Zergling x2  
  17  1:57  Zergling x2  
  18  2:06  Zergling x2  
  19  2:13  Zergling x2  
  20  2:23  Zergling x4  
  20  2:27  Zergling x6  
  25  2:32  Zergling x4  
  27  2:40  Zergling x2  
Tags
 
Matchup
ZvZ
Race
Zerg
Replay Pack
Multiplayer
Spawn Locations
Cross Positions
Add a new tag
Caveats
  • Supply blocks, unpowered buildings, or Contaminate may cause inaccurate times.
  • Supply counts are checked every 10 seconds.